 Dungeon Crawl Stone Soup version 0.32-a0-314-g526f7d4993 (webtiles) character file.

Game seed: 2338878899756417294

8927 Jannitor the Trooper (level 11, -12/77 HPs)
             Began as a Demonspawn Chaos Knight on Feb 15, 2024.
             Was a Plaything of Xom.
             Mangled by a komodo dragon (30 damage)
             ... on level 1 of the Lair of Beasts on Feb 16, 2024.
             The game lasted 00:26:13 (9412 turns).

Jannitor the Trooper (Demonspawn Chaos Knight)      Turns: 9412, Time: 00:26:13

Health: -12/77     AC:  9    Str: 14 (15) XL:     11   Next: 16%
Magic:  18/18      EV: 14    Int: 26      God:    Xom [..*...]
Gold:   205        SH:  0    Dex: 13 (14) Spells: 15/22 levels left

rFire   + + +        G - +6 dagger of Midsummer {drain, rF++ Will++ Str+3}
rCold   . . .        (no shield)
rNeg    . . .        I - +2 leather armour {rF+}
rPois   .            (helmet restricted)
rElec   .            n - +0 cloak
rCorr   .            s - +1 pair of gloves "Gaisiy" {Int+4}
SInv    .            g - +0 pair of boots
Will    ++...        f - amulet of faith
Stlth   +            i - +6 ring of intelligence
HPRegen 0.32/turn    (no ring)
MPRegen 0.16/turn

%: faith
@: confused, mighty, lethally poisoned (-12 -> -15), ambrosia-drunk
A: antennae 2, demonic guardian 1, condensation shield, demonic touch 2,
deterioration 1, fire resistance 1, frail 1, low MP 1, screaming 2, teleportitis
1
a: Renounce Religion


You were on level 1 of the Lair of Beasts.
You worshipped Xom.
You were a toy of Xom.
You visited 2 branches of the dungeon, and saw 11 of its levels.

You collected 517 gold pieces.
You spent 312 gold pieces at shops.

Inventory:

Hand Weapons
 a - a +0 short sword of chaos
 d - a +0 dagger of draining
 t - a +2 rapier of speed
 F - a +2 dagger of venom
 G - the +6 dagger of Midsummer (weapon) {drain, rF++ Will++ Str+3}
   (You found it on level 9 of the Dungeon)

   Str+3:     It affects your strength (+3).
   rF++:      It greatly protects you from fire.
   Will++:    It greatly increases your willpower.
Missiles
 p - a throwing net
 w - 5 poisoned darts (quivered)
Armour
 g - a +0 pair of boots (worn)
 n - a +0 cloak (worn)
 s - the +1 pair of gloves "Gaisiy" (worn) {Int+4}
   (You found it on level 7 of the Dungeon)

   Int+4:     It affects your intelligence (+4).
 H - the +1 leather armour "Hegioral" {rC+}
   (You bought it in a shop on level 10 of the Dungeon)

   rC+:       It protects you from cold.
 I - a +2 leather armour of fire resistance (worn)
Jewellery
 b - a ring of magical power
 f - an amulet of faith (around neck)
 i - a +6 ring of intelligence (left hand)
Talismans
 y - a beast talisman
Wands
 D - a wand of acid (3)
Scrolls
 c - 4 scrolls of vulnerability
 k - a scroll of immolation
 l - a scroll of fog
 r - 7 scrolls of revelation
 v - a scroll of enchant weapon
 x - a scroll of silence {unknown}
 B - 2 scrolls of identify
 E - a scroll of enchant armour {unknown}
Potions
 e - 3 potions of might
 h - 2 potions of brilliance
 j - 2 potions of enlightenment
 o - 2 potions of cancellation
 q - a potion of ambrosia
 C - a potion of magic {unknown}


   Skills:
 + Level 7.8 Fighting
 + Level 7.1 Short Blades
 - Level 2.7 Armour
 + Level 6.5 Dodging
 + Level 6.9 Stealth
 + Level 6.2 Spellcasting
 + Level 5.0 Hexes
 + Level 4.8 Necromancy


You had 15 spell levels left.
You knew the following spells:

 Your Spells              Type           Power      Damage    Failure   Level
a - Slow                  Hex            100%       N/A       1%          1
b - Confusing Touch       Hex            34%        N/A       3%          3
c - Vampiric Draining     Necr           33%        2d8       3%          3

Your spell library contained the following spells:

 Spells                   Type           Power      Damage    Failure   Level
 Necrotise                Necr           100%       1d9       1%          1
 Kiss of Death            Conj/Necr      80%        2d11      3%          1
 Sigil of Binding         Hex            34%        N/A       3%          3
 Animate Dead             Necr           33%        N/A       12%         4
 Dispel Undead            Necr           33%        3d14      12%         4
 Volatile Blastmotes      Fire/Tloc      16%        2d11      26%         3
 Martyr's Knell           Necr/Summ      20%        N/A       30%         4
 Curse of Agony           Necr           33%        N/A       32%         5
 Fulminant Prism          Conj/Alch      4%         3d5       63%         4
 Iskenderun's Mystic Bla  Conj/Tloc      8%         2d4       63%         4
 Borgnjor's Vile Clutch   Necr/Erth      10%        N/A       65%         5
 Death Channel            Necr           16%        N/A       87%         6
 Sculpt Simulacrum        Ice/Alch       4%         N/A       100%        6
 Ozocubu's Refrigeration  Ice            4%         4d8       100%        7
 Polar Vortex             Ice            4%         N/A       100%        9


Dungeon Overview and Level Annotations

Branches:
Dungeon (10/15)            Temple (0/1) D:4            Lair (1/5) D:9
    Orc: D:9-12

Altars:
Dithmenos
Fedhas
Hepliaklqana
Makhleb
Nemelex Xobeh
Okawaru
Qazlal
Ru
Sif Muna
Vehumet
Wu Jian
Xom
Yredelemnul

Shops:
D:10 [

Annotations:
D:4 Eustachio, Pikel
D:10 exclusion: orange crystal statue


Innate Abilities, Weirdness & Mutations

You have a pair of antennae on your head.
A weak demonic guardian rushes to your aid.
A meltable shield of frost defends you. (SH +4)
Your touch may inflict irresistible damage on your foes.
Your body sometimes deteriorates upon taking damage.
Your flesh is heat resistant. (rF+)
You are frail. (-10% HP)
Your magical capacity is low. (-10% MP)
You frequently scream uncontrollably at your foes.
You are occasionally teleported next to monsters.


Message History

You feel very sick.
The yak is engulfed in poison gas.
The yak looks even sicker.
Unknown command.
You are confused.
You feel invigorated.
* * * LOW HITPOINT WARNING * * *
You feel very sick.
A komodo dragon comes into view.
The yak is engulfed in poison gas.
The yak looks as sick as possible!
The yak is engulfed in poison gas.
The yak looks as sick as possible!
Your white imp hits the water moccasin.
Your white imp freezes the water moccasin.
The water moccasin seems to slow down.
Your white imp's attack snaps the water moccasin out of its fear.
Unknown command.
Unknown command.
Unknown command.
You feel very sick.
The yak is engulfed in poison gas.
The yak looks as sick as possible!
Your white imp hits the water moccasin.
Your white imp freezes the water moccasin.
Unknown command.
You feel sick.
Xom makes a sudden noise!
You hear an echo.
Your rust devil completely misses the water moccasin.
The yak looks as sick as possible!
Your white imp barely misses the water moccasin.
Unknown command.
You feel sick.
The water moccasin is no longer moving slowly.
The komodo dragon misses you.
The yak is engulfed in poison gas.
The yak looks as sick as possible!
You kill the yak!
The yak looks as sick as possible!
Unknown command.
You puncture the water moccasin! You drain the water moccasin.
The water moccasin is almost dead.
You feel sick. The komodo dragon bites you!!
You die...
Xom howls with laughter!

#☼°. ..☼☼
☼..### ∆
.....○ ∆
##+..#°☼. ∆
#.☼..☼..☼
##☼†..○#..
{#.@S4☼°..☼
#%lß5.##○°
,#.○..○#
..°°☼○##
....☼.°.#
.Y>.°ß.☼☼##
...○○○.###
.°ß.☼.#
.....#


You could see a komodo dragon, a water moccasin (drained, ally target), a
friendly rust devil (summoned) and a friendly white imp (summoned).

Vanquished Creatures
  A two-headed ogre (D:10)
  A manticore (D:10)
  An elephant (D:8)
  A komodo dragon (D:9)
  Prince Ribbit (D:8)
  A troll (D:10)
  A hornet (D:9)
  A snapping turtle (Lair:1)
  9 yaks
  A basilisk (Lair:1)
  A wyvern (Lair:1)
  2 water moccasins
  4 black bears
  3 ice beasts
  A sky beast (D:7)
  An orc warrior (D:8)
  3 centaurs
  A centaur (shapeshifter) (D:9)
  A phantom (D:4)
  3 scorpions
  10 bullfrogs
  A gnoll sergeant (D:10)
  5 wights
  6 killer bees (D:9)
  4 howler monkeys (D:8)
  A jelly (D:5)
  2 gnoll boudas
  A hound (D:7)
  6 orc priests
  3 iguanas
  Terence (D:2)
  7 orc wizards
  7 gnolls
  9 adders
  A white imp (D:6)
  2 ufetubi (D:5)
  3 ribbon worms
  31 orcs
  6 endoplasms
  3 giant cockroaches
  10 goblins
  6 hobgoblins
  2 jackals (D:1)
  4 kobolds
  7 quokkas
  8 ball pythons
  6 bats
  4 frilled lizards
  6 rats
200 creatures vanquished.

Vanquished Creatures (collateral kills)
  A two-headed ogre (D:8)
  A yak (Lair:1)
  A centaur (D:5)
  An ogre (D:5)
  A bullfrog (D:6)
  A scorpion (D:5)
  A wight (D:7)
  A bombardier beetle (D:5)
  A hound (D:6)
  An orc wizard (D:4)
  3 gnolls (D:5)
  A white imp (D:5)
  5 orcs
19 creatures vanquished.

Vanquished Creatures (others)
  A yak (D:9)
  An orc (D:4)
2 creatures vanquished.

Grand Total: 221 creatures vanquished

Notes
Turn   | Place    | Note
-------+----------+-------------------------------------------
     0 | D:1      | Jannitor the Demonspawn Chaos Knight began the quest for
                  | the Orb.
     0 | D:1      | Reached XP level 1. HP: 18/18 MP: 1/1
    13 | D:1      | Reached skill level 1 in Dodging
    73 | D:1      | Gained mutation: A weak demonic guardian rushes to your
                  | aid. [demonic ancestry]
    73 | D:1      | Reached XP level 2. HP: 24/24 MP: 2/2
   155 | D:1      | XOM: silly message
   225 | D:1      | Discovered your monstrous ancestry.
   225 | D:1      | Gained mutation: Your touch may inflict minor irresistible
                  | damage on your foes. [demonic ancestry]
   225 | D:1      | Reached XP level 3. HP: 29/29 MP: 3/3
   527 | D:2      | Reached skill level 1 in Stealth
   593 | D:2      | XOM: divination: detect creatures
   615 | D:2      | Noticed Terence
   621 | D:2      | Killed Terence
   622 | D:2      | Gained mutation: You have a pair of small antennae on your
                  | head. [demonic ancestry]
   622 | D:2      | Reached XP level 4. HP: 33/35 MP: 3/5
   682 | D:2      | XOM: potion effect (haste)
   685 | D:2      | Reached skill level 1 in Spellcasting
   799 | D:2      | XOM: silly message
   838 | D:2      | XOM: silly message
   841 | D:2      | Reached XP level 5. HP: 35/41 MP: 6/6
   967 | D:2      | Found a faded altar of an unknown god.
  1159 | D:3      | You fall into a shaft and drop 3 floors!
  1163 | D:5      | Entered Level 5 of the Dungeon
  1239 | D:4      | XOM: divination: detect items
  1325 | D:4      | Noticed a black bear
  1337 | D:4      | XOM: potion effect (brilliance)
  1340 | D:4      | XOM: enchant monster (good)
  1344 | D:4      | Learned a level 1 spell: Slow
  1352 | D:4      | Killed a black bear
  1353 | D:4      | Gained mutation: You have a pair of antennae on your head.
                  | [demonic ancestry]
  1353 | D:4      | Reached XP level 6. HP: 39/48 MP: 4/8
  1403 | D:4      | XOM: 2-stop teleportation journey
  1486 | D:3      | XOM: polymorph ribbon worm -> frilled lizard
  1507 | D:3      | XOM: cast spell 'Cause Fear'
  2016 | D:3      | Found a blossoming altar of Fedhas.
  2211 | D:4      | Found a sacrificial altar of Ru.
  2284 | D:4      | Noticed Pikel
  2288 | D:4      | XOM: summons 2 friendly demons
  2295 | D:4      | Noticed Eustachio
  2308 | D:4      | XOM: summons 4 friendly demons
  2318 | D:4      | Gained mutation: Your touch may inflict irresistible damage
                  | on your foes. [demonic ancestry]
  2318 | D:4      | Reached XP level 7. HP: 50/55 MP: 10/10
  2436 | D:3      | XOM: god gift: 38 gold pieces
  2438 | D:3      | Upgraded the game from 0.32-a0-312-g1d7162e751 to
                  | 0.32-a0-314-g526f7d4993
  2508 | D:4      | XOM: scenery: create altars
  2700 | D:5      | XOM: 1-stop teleportation journey
  2701 | D:5      | XOM: potion effect (brilliance)
  2706 | D:5      | XOM: enchant monster (good)
  2707 | D:5      | HP: 2/55 [burnt (5)]
  2998 | D:4      | XOM: silly message
  3048 | D:4      | Found a staircase to the Ecumenical Temple.
  3048 | D:4      | XOM: enchant monster (good)
  3074 | D:5      | XOM: divination: detect items
  3109 | D:5      | XOM: noise
  3119 | D:5      | XOM: destruction
  3333 | D:6      | XOM: god gift: 15 gold pieces
  3385 | D:6      | XOM: 1-stop teleportation journey
  3390 | D:6      | XOM: fake destruction
  3463 | D:6      | XOM: smoke on damage
  3487 | D:6      | XOM: cloud trail
  3605 | D:6      | Found a stormy altar of Qazlal.
  3651 | D:6      | Noticed a yak
  3668 | D:5      | XOM: butterfly on damage
  3763 | D:5      | XOM: god gift: scroll labelled FOR JOUMYUDDIUM {god gift}
  3806 | D:5      | XOM: noise
  3861 | D:5      | Found a hazy altar of Hepliaklqana.
  3862 | D:5      | Found a shadowy altar of Dithmenos.
  3862 | D:5      | Noticed a shadow
  3865 | D:5      | XOM: scenery: summon butterflies
  3890 | D:5      | XOM: scenery: summon butterflies
  3917 | D:5      | Reached skill level 5 in Fighting
  3917 | D:5      | Reached XP level 8. HP: 62/62 MP: 11/13
  3986 | D:5      | Found a burning altar of Makhleb.
  4182 | D:5      | XOM: summons 7 friendly demons
  4203 | D:6      | XOM: cast spell 'Animate Armour'
  4214 | D:6      | HP: 1/62 [yak (9)]
  4228 | D:6      | Reached skill level 5 in Short Blades
  4396 | D:6      | XOM: divination: magic mapping
  4399 | D:6      | Learned a level 3 spell: Confusing Touch
  4700 | D:7      | Reached skill level 1 in Hexes
  4714 | D:6      | XOM: enchant monster (bad)
  4952 | D:7      | XOM: summons 2 hostile demons
  4968 | D:7      | Gained mutation: A meltable shield of frost defends you.
                  | (SH +4) [demonic ancestry]
  4968 | D:7      | Reached XP level 9. HP: 45/69 MP: 15/15
  5243 | D:7      | Reached skill level 5 in Stealth
  5273 | D:7      | XOM: 2-stop teleportation journey
  5378 | D:7      | XOM: swap monsters
  5506 | D:7      | XOM: noise
  5511 | D:7      | Learned a level 3 spell: Vampiric Draining
  5634 | D:7      | XOM: 2-stop teleportation journey
  5641 | D:7      | XOM: polymorph jelly -> quokka
  5661 | D:7      | Reached skill level 5 in Dodging
  5677 | D:7      | XOM: confusion
  5717 | D:7      | Reached skill level 1 in Necromancy
  5873 | D:7      | Identified the +1 pair of gloves "Gaisiy" {Int+4}
  5980 | D:8      | Noticed a two-headed ogre
  5984 | D:8      | XOM: enchant monster (good)
  5987 | D:8      | XOM: cast spell 'Summon Mana Viper'
  5988 | D:8      | Found a basalt altar of Yredelemnul.
  6015 | D:8      | Killed a two-headed ogre
  6016 | D:8      | Reached skill level 5 in Spellcasting
  6023 | D:8      | XOM: summons 3 hostile shadow creatures
  6025 | D:8      | XOM: give mutations
  6025 | D:8      | Gained mutation: You are frail. (-10% HP) [Xom's mischief]
  6025 | D:8      | Gained mutation: Your body sometimes deteriorates upon
                  | taking damage. [Xom's mischief]
  6025 | D:8      | Gained mutation: You occasionally shout uncontrollably at
                  | your foes. [Xom's mischief]
  6025 | D:8      | Gained mutation: Your flesh is heat resistant. (rF+) [Xom's
                  | mischief]
  6300 | D:8      | Found a radiant altar of Vehumet.
  6301 | D:8      | Found an ornate altar of the Wu Jian Council.
  6302 | D:8      | Found a shimmering blue altar of Sif Muna.
  6304 | D:8      | Found an iron altar of Okawaru.
  6305 | D:8      | Found a shimmering altar of Xom.
  6365 | D:8      | XOM: scenery: create altars
  6416 | D:8      | Reached XP level 10. HP: 62/69 MP: 17/17
  6596 | D:8      | Noticed Prince Ribbit
  6607 | D:8      | Killed Prince Ribbit
  7000 | D:8      | Found a sparkling altar of Nemelex Xobeh.
  7365 | D:9      | Noticed an elephant
  7385 | D:8      | Killed an elephant
  7447 | D:9      | XOM: repel stairs
  7465 | D:9      | XOM: summons friendly shadow imp
  7472 | D:9      | XOM: confuse monster(s)
  7490 | D:9      | XOM: divination: magic mapping
  7541 | D:9      | Identified the +6 dagger of Midsummer {drain, rF++ Will++
                  | Str+3}
  7548 | D:9      | XOM: fake destruction
  7726 | D:9      | XOM: give mutations
  7726 | D:9      | Gained mutation: Your magical capacity is low. (-10% MP)
                  | [Xom's mischief]
  7726 | D:9      | Gained mutation: You frequently scream uncontrollably at
                  | your foes. [Xom's mischief]
  7726 | D:9      | Gained mutation: You are occasionally teleported next to
                  | monsters. [Xom's mischief]
  7937 | D:9      | XOM: swap monsters
  7943 | D:9      | XOM: chaos cloud
  8020 | D:9      | XOM: summons 1 hostile shadow creature
  8101 | D:9      | XOM: torment (16/71 hp)
  8303 | D:9      | Found a staircase to the Lair.
  8353 | D:9      | XOM: summons 2 hostile shadow creatures
  8374 | D:10     | Entered Level 10 of the Dungeon
  8376 | D:10     | Noticed a manticore
  8386 | D:10     | Killed a manticore
  8474 | D:10     | Noticed a two-headed ogre
  8487 | D:10     | Killed a two-headed ogre
  8539 | D:10     | XOM: god gift: 40 gold pieces
  8616 | D:10     | Found Woghic's Antique Armour Shoppe.
  8624 | D:10     | Bought a dazzling leather armour for 182 gold pieces
  8624 | D:10     | Identified the +1 leather armour "Hegioral" {rC+} (You
                  | bought it in a shop on level 10 of the Dungeon)
  8634 | D:10     | Bought a glowing leather armour for 130 gold pieces
  8812 | D:10     | Noticed an orange crystal statue
  8814 | D:10     | XOM: swap monsters
  8826 | D:10     | XOM: scenery: summon butterflies
  8837 | D:10     | XOM: blink monster(s)
  8848 | D:10     | XOM: divination: detect creatures
  8974 | D:10     | XOM: 1-stop teleportation journey
  9121 | D:10     | XOM: summons 3 hostile shadow creatures
  9122 | D:10     | Noticed a brown ugly thing
  9255 | Lair:1   | Entered Level 1 of the Lair of Beasts
  9306 | Lair:1   | XOM: 1-stop teleportation journey
  9330 | Lair:1   | a yak changed into an elephant
  9330 | Lair:1   | Noticed an elephant
  9330 | Lair:1   | XOM: polymorph yak -> elephant
  9348 | Lair:1   | Reached XP level 11. HP: 74/76 MP: 18/18
  9368 | Lair:1   | XOM: polymorph komodo dragon -> snapping turtle
  9372 | Lair:1   | XOM: noise
  9393 | Lair:1   | XOM: 4-stop teleportation journey
  9406 | Lair:1   | XOM: divination: detect items
  9407 | Lair:1   | Reached skill level 5 in Hexes
  9410 | Lair:1   | XOM: noise
  9412 | Lair:1   | Mangled by a komodo dragon

Illustrated notes

Levels and vault maps discovered:
D:1:      saegor_arrival_simple_d, layout_rooms, minmay_misc_feat_x
D:2:      cheibrodos_pilgrimage, layout_rooms,
          shapermc_ecumenical_altar_starsandcircs, grunt_ministairs_1,
          uniq_terence
D:3:      layout_rooms, mainiacjoe_overflow_tiny_flanked,
          nicolae_elyvilon_peaceful_grove, corexii_hall_statues_i, minmay_cupped
D:4:      layout_basic, nicolae_ru_the_path_less_chosen,
          minmay_temple_entry_crystal_x, uniq_pikel, uniq_eustachio
D:5:      layout_rooms, grunt_temple_overflow_order_and_chaos_2,
          riverfiend_overflow_shadow_ancestor, kennysheep_potato
D:6:      layout_basic, lemuel_round_altar
D:7:      layout_rooms, minmay_starry_boxes
D:8:      layout_loops_ring, grunt_temple_overflow_open,
          nicolae_overflow_two_pavilions, st_stairs_7, uniq_prince_ribbit1
D:9:      layout_loops_cross, grunt_lair_entry_orc_guard_hut
D:10:     layout_stronghold, hiddenorc1_lemuel, serial_shops, shop,
          minivault_16, nicolae_shop_vocational
Lair:1:   layout_concentric_octagons, beast_lair_carwin_10, grunt_megastairs_3,
          lemuel_fruit_fields, uniq_gastronok

Skill      XL: |  1  2  3  4  5  6  7  8  9 10 11 |
---------------+----------------------------------+-----
Dodging        | 1 2 3 4 5 6 |  6.5
Armour         | 2 |  2.7
Short Blades   | 3 4 5 6 7 |  7.1
Stealth        | 1 2 3 4 5 6 |  6.9
Spellcasting   | 1 2 3 4 5 6 |  6.2
Fighting       | 4 5 6 7 |  7.8
Hexes          | 1 3 4 5 |  5.0
Necromancy     | 2 4 |  4.8

Action                     |  1- 3 |  4- 6 |  7- 9 | 10-12 || total
---------------------------+-------+-------+-------+-------++-------
  Melee: Dagger            |    95 |   133 |    28 |   160 ||   416
         Short sword       |     2 |       |       |       ||     2
         Touch             |     4 |    24 |    65 |    44 ||   137
         Rapier            |       |       |   241 |   105 ||   346
  Throw: Dart              |       |     2 |    10 |     4 ||    16
   Cast: Slow              |       |     1 |     4 |     2 ||     7
  Evoke: Wand              |       |       |     5 |     1 ||     6
    Use: Scroll            |     1 |     4 |    13 |     6 ||    24
         Potion            |       |     1 |     7 |     9 ||    17
   Stab: Sleeping          |       |     6 |     4 |     4 ||    14
         Invisible         |       |       |     1 |       ||     1
         Distracted        |       |       |     1 |     1 ||     2
         Confused          |       |       |     1 |     1 ||     2
 Armour: Leather armour    |    55 |    59 |   149 |   138 ||   401
  Dodge: Dodged            |    48 |    75 |   142 |   142 ||   407
  Block: Other             |       |       |    14 |    36 ||    50

Table legend: (Time is in decaauts)
 A = Elapsed time spent in this place.
 B = Non-inter-level travel time spent in this place.
 C = Inter-level travel time spent in this place.
 D = Time resting spent in this place.
 E = Time spent auto-exploring this place.
 F = Levels seen in this place.
 G = Mean time per level.
                   A        B        C        D        E       F      G
               +--------+--------+--------+--------+--------+-----+--------+
         Total |   9168 |   8739 |    429 |   2144 |   4467 |  11 |  833.5 |
       Dungeon |   9022 |   8594 |    428 |   2144 |   4398 |  10 |  902.2 |
          Lair |    146 |    146 |      0 |      0 |     69 |   1 |  146.0 |
               +--------+--------+--------+--------+--------+-----+--------+

Top non-repeatable levels by time:
     D:8: 1368 daAuts
     D:6: 1144 daAuts
     D:9: 986 daAuts
     D:7: 948 daAuts
     D:5: 946 daAuts
     D:3: 922 daAuts
    D:10: 815 daAuts
     D:4: 814 daAuts
     D:2: 565 daAuts
     D:1: 510 daAuts
  Lair:1: 146 daAuts
